 Dungeon Crawl Stone Soup version 0.20-a0-493-g19c8d8d (webtiles) character file.

2441 Duffy the Arsonist (level 9, -1/45 HPs)
             Began as a Deep Elf Fire Elementalist on Jan 16, 2017.
             Was a Follower of Vehumet.
             Slain by an orc warrior
             ... wielding a +1 halberd of venom
              (25 damage)
             ... on level 7 of the Dungeon.
             The game lasted 00:09:08 (8991 turns).

Duffy the Arsonist (Deep Elf Fire Elementalist)     Turns: 8991, Time: 00:09:09

Health: -1/45      AC:  5    Str:  5    XL:     9   Next: 25%
Magic:  11/18      EV: 13    Int: 24    God:    Vehumet [*.....]
Gold:   362        SH:  0    Dex: 15    Spells: 4/17 levels left

rFire    + . .     SeeInvis .   B - +1 flail (protect)
rCold    . . .     Gourm    .   a - +0 robe
rNeg     . . .     Faith    .   (no shield)
rPois    .         Spirit   .   h - +0 helmet
rElec    .         Reflect  .   f - +0 cloak
rCorr    .         Harm     .   (no gloves)
MR       .....                  s - +0 pair of boots
Stlth    ++........             (no amulet)
Regen    0.2/turn               (no ring)
                                E - ring of protection from fire

@: no status effects
A: no striking features
a: Renounce Religion


You were on level 7 of the Dungeon.
You worshipped Vehumet.
Vehumet was aware of your devotion.
You were not hungry.

You visited 2 branches of the dungeon, and saw 8 of its levels.

You collected 362 gold pieces.

Inventory:

Hand Weapons
 q - a +0 flail of protection
 B - a +1 flail of protection (weapon)
Armour
 a - a +0 robe (worn)
 f - a +0 cloak (worn)
 h - a +0 helmet (worn)
 s - a +0 pair of boots (worn)
Jewellery
 d - an uncursed amulet of faith
 E - a ring of protection from fire (left hand)
Scrolls
 i - a scroll of immolation {unknown}
 k - a scroll of acquirement {unknown}
 l - 4 scrolls of teleportation
 o - 4 scrolls of amnesia
 r - a scroll of noise {unknown}
 w - 2 scrolls of fog {unknown}
 x - a scroll of enchant weapon {unknown}
 y - 3 scrolls of remove curse
Potions
 e - a potion of invisibility {unknown}
 j - 3 potions of curing
 p - a potion of heal wounds {unknown}
 t - a potion of mutation {unknown}
 u - 2 potions of cancellation
 z - a potion of ambrosia
 F - a potion of haste
Books
 b - a book of Flames

   Spells                             Type                      Level
   a - Flame Tongue                   Conjuration/Fire             1
   b - Throw Flame                    Conjuration/Fire             2
   c - Conjure Flame                  Conjuration/Fire             3
   d - Inner Flame                    Hexes/Fire                   3
   e - Sticky Flame                   Conjuration/Fire             4
   f - Fireball                       Conjuration/Fire             5
 m - a book of Cantrips

   Spells                             Type                      Level
   a - Confusing Touch                Hexes                        1
   b - Animate Skeleton               Necromancy                   1
   c - Summon Small Mammal            Summoning                    1
   d - Apportation                    Translocation                1
 v - Spellcasting for Rookies
   (You found it on level 4 of the Dungeon)

   Spells                             Type                      Level
   a - Infusion                       Charms                       1
   b - Flame Tongue                   Conjuration/Fire             1
   c - Shock                          Conjuration/Air              1
   d - Corona                         Hexes                        1
   e - Beastly Appendage              Transmutation                1
 A - a book of Air

   Spells                             Type                      Level
   a - Shock                          Conjuration/Air              1
   b - Swiftness                      Charms/Air                   2
   c - Repel Missiles                 Charms/Air                   2
   d - Static Discharge               Conjuration/Air              3
   e - Lightning Bolt                 Conjuration/Air              5
Comestibles
 c - 6 bread rations
 g - 7 meat rations
 n - 5 beef jerkies
 C - 4 fruits
 D - 2 slices of pizza
 G - 2 chunks of flesh


   Skills:
 - Level 2.4 Dodging
 - Level 2.4 Stealth
 - Level 4.8 Spellcasting
 + Level 9.6 Conjurations
 + Level 9.7 Fire Magic


You had 4 spell levels left.
You knew the following spells:

 Your Spells              Type           Power        Failure   Level  Hunger
a - Flame Tongue          Conj/Fire      #####        1%          1    None
j - Sticky Flame          Conj/Fire      ######..     1%          4    ####...
k - Fireball              Conj/Fire      ######....   6%          5    #####..
l - Conjure Flame         Conj/Fire      ######..     1%          3    ##.....


Dungeon Overview and Level Annotations

Branches:
Dungeon (7/15)             Temple (1/1) D:5

Altars:
Ashenzari
Cheibriados
Dithmenos
Elyvilon
Fedhas
Gozag
Hepliaklqana
Kikubaaqudgha
Makhleb
Nemelex Xobeh
Okawaru
Qazlal
Ru
Sif Muna
Trog
Uskayaw
Vehumet
Xom
Yredelemnul
Zin
The Shining One

Shops:
D:7 :


Message History

Casting: Flame Tongue
Confirm with . or Enter, or press ? or * to list all spells.
Aiming: Flame Tongue
Press: ? - help, Shift-Dir - straight line, f/p - orc warrior
Aim: an orc warrior, wielding a halberd of venom, wearing a chain mail and wearing a pearl ring (severely wounded, covered in liquid flames)
The flame tongue hits the orc warrior.
The orc warrior appears unharmed.
The orc warrior is severely wounded.
The orc warrior burns!
The orc warrior hits you with a halberd of venom!!
Casting: Flame Tongue
Confirm with . or Enter, or press ? or * to list all spells.
Aiming: Flame Tongue
Press: ? - help, Shift-Dir - straight line, f/p - orc warrior
Aim: an orc warrior, wielding a halberd of venom, wearing a chain mail and wearing a pearl ring (severely wounded, covered in liquid flames)
The flame tongue hits the orc warrior.
The orc warrior appears unharmed.
The orc warrior is severely wounded.
The orc warrior burns!
The orc warrior hits you with a halberd of venom!!
Ouch! That really hurt!
You die...

.#
#...##.#..#..#..#...
.# #...##.#..####
.#... ## #...##.#..#
.# .# .#
#...##....#..#
#...##.$..#..# ##.##
#..%.)# #.# #..$..#
#.# #o##.....#
####.#####@# .....#
#..........#####...
#.......##[.......####
......#.##.##.......#
#.##..#.##.##.###.#.#
# #..#.##.##.# # #.
.....##.# #. .....##.#
....###..


You could see an orc warrior (burning).

Vanquished Creatures
  Prince Ribbit (D:6)
  Eustachio (D:6)
  An orc warrior (D:5)
  3 ogres
  3 bullfrogs
  A scorpion (D:6)
  A water moccasin skeleton (D:6)
  5 killer bees (D:7)
  A howler monkey (D:6)
  A bullfrog zombie (D:7)
  A crimson imp (D:7)
  4 hounds
  2 jellies (D:5)
  8 orc wizards
  7 orc priests
  A gnoll shaman (D:5)
  5 worker ants
  An iguana (D:4)
  A howler monkey zombie (D:5)
  11 gnolls
  9 adders
  4 oozes
  An adder skeleton (D:6)
  A worm (D:2)
  3 dart slugs
  6 leopard geckos
  23 orcs
  10 bats
  2 giant cockroaches
  4 hobgoblins
  16 jackals
  8 kobolds
  4 quokkas
  A ball python (D:3)
  2 ball python skeletons
  7 frilled lizards
  11 goblins
  A leopard gecko zombie (D:7)
  12 rats
184 creatures vanquished.

Notes
Turn   | Place    | Note
-------+----------+-------------------------------------------
     0 | D:1      | Duffy the Deep Elf Fire Elementalist began the quest for the Orb.
     0 | D:1      | Reached XP level 1. HP: 10/10 MP: 6/6
   317 | D:1      | Reached XP level 2. HP: 15/15 MP: 6/8
   782 | D:1      | Reached XP level 3. HP: 19/19 MP: 0/9
   787 | D:1      | Learned a level 3 spell: Conjure Flame
  1690 | D:2      | Reached XP level 4. HP: 24/24 MP: 10/12
  1696 | D:2      | Learned a level 4 spell: Sticky Flame
  2955 | D:3      | Reached XP level 5. HP: 21/28 MP: 9/14
  3218 | D:3      | Reached XP level 6. HP: 23/32 MP: 7/15
  3421 | D:3      | Reached skill level 5 in Fire Magic
  3592 | D:3      | Reached skill level 5 in Conjurations
  4271 | D:4      | Reached XP level 7. HP: 36/36 MP: 5/16
  4475 | D:4      | Identified Spellcasting for Rookies
  5625 | D:5      | Entered Level 5 of the Dungeon
  5877 | D:5      | Reached XP level 8. HP: 41/41 MP: 9/17
  5960 | D:5      | Learned a level 5 spell: Fireball
  6035 | D:5      | Found a staircase to the Ecumenical Temple.
  6050 | Temple   | Entered the Ecumenical Temple
  6164 | Temple   | Became a worshipper of Vehumet
  6421 | D:6      | Noticed Eustachio
  6430 | D:6      | Killed Eustachio
  7964 | D:6      | Noticed Prince Ribbit
  7967 | D:6      | Killed Prince Ribbit
  8245 | D:7      | Found Oqom Ost's Book Emporium.
  8270 | D:7      | Reached XP level 9. HP: 29/45 MP: 5/18
  8271 | D:7      | Reached * piety under Vehumet
  8271 | D:7      | Offered knowledge of Sandblast by Vehumet.
  8991 | D:7      | Slain by an orc warrior

Vault maps used:
D:1:      elethiomel_arrival_diamonds, hex_large, supply_closet_lemuel,
          serial_park_tiny_pond, dk_noncrumbling_4
D:2:      kennysheep_the_goblin_king, kennysheep_generic_room_12
D:3:      mrwooster_statue_mirror
D:5:      first_bread
D:6:      uniq_prince_ribbit1, uniq_eustachio
D:7:      serial_shops, shop, hangedman_abyss_or_decor_stagger
Temple:   compressed_dpeg_circular_temple

Skill      XL: |  1  2  3  4  5  6  7  8 |
---------------+-------------------------+-----
Conjurations   | 2 3 4 5 7 9 |  9.6
Spellcasting   | 4 |  4.8
Fire Magic     | 4 5 7 9 |  9.7
Dodging        | |  2.4
Stealth        | |  2.4

Action                   |  1- 3 |  4- 6 |  7- 9 || total
-------------------------+-------+-------+-------++-------
Melee: Unarmed           |       |     2 |       ||     2
       Flail             |       |       |     9 ||     9
 Cast: Flame Tongue      |    73 |    94 |   199 ||   366
       Sticky Flame      |       |     9 |    12 ||    21
       Conjure Flame     |       |       |     3 ||     3
       Fireball          |       |       |     3 ||     3
  Use: Scroll            |       |     3 |     7 ||    10
  Eat: Chunk             |     2 |     9 |    17 ||    28
Armor: Robe              |     6 |     8 |    25 ||    39
Dodge: Dodged            |    19 |    18 |    83 ||   120
